 Dungeon Crawl Stone Soup version 0.30-a0-723-gc1506a1cf0 (webtiles) character file.

Game seed: 3760254569014792009

32 teh the Prestidigitator (level 3, -8/28 HPs)
             Began as a Gnoll Wanderer on Jan 28, 2023.
             Mangled by Sigmund
             ... wielding a +0 scythe
              (12 damage)
             ... on level 2 of the Dungeon.
             The game lasted 00:01:16 (743 turns).

teh the Prestidigitator (Gnoll Wanderer)             Turns: 743, Time: 00:01:16

Health: -8/28      AC:  3    Str: 12    XL:     3   Next: 27%
Magic:  4/4        EV: 11    Int: 10    God:
Gold:   75         SH:  0    Dex: 13    Spells: 3/3 levels left

rFire   . . .      SeeInvis .    a - +2 quarterstaff
rCold   . . .      Faith    .    (shield currently unavailable)
rNeg    . . .      Spirit   .    e - +0 leather armour
rPois   .          Reflect  .    (no helmet)
rElec   .          Harm     .    (no cloak)
rCorr   .          Rampage  .    (no gloves)
Will    .....                    (no boots)
Stlth   +                        (no amulet)
HPRegen 0.24/turn                (no ring)
MPRegen 0.09/turn                (no ring)

@: no status effects
A: fangs 1, strong nose, distributed training
a: no special abilities


You were on level 2 of the Dungeon.
You visited 1 branch of the dungeon, and saw 2 of its levels.

You collected 75 gold pieces.

Inventory:

Hand Weapons
 a - a +2 quarterstaff (weapon)
Armour
 e - a +0 leather armour (worn)
Scrolls
 f - a scroll of identify
 g - a scroll of teleportation {unknown}
 h - 2 scrolls of magic mapping {unknown}
 j - a scroll of fear {unknown}
 l - a scroll of brand weapon {unknown}
Potions
 b - a potion of degeneration
 k - a potion of brilliance {unknown}
Miscellaneous
 c - a piece from Xom's chessboard (15/15) (quivered)


   Skills:
 + Level 2.6 Fighting
 + Level 4.5 Short Blades
 + Level 0.7 Long Blades
 + Level 0.7 Axes
 + Level 0.7 Maces & Flails
 + Level 0.7 Polearms
 + Level 4.5 Staves
 + Level 0.7 Ranged Weapons
 + Level 0.7 Throwing
 + Level 0.7 Armour
 + Level 0.7 Dodging
 + Level 0.7 Stealth
 + Level 0.7 Shields
 + Level 0.7 Unarmed Combat
 + Level 0.7 Spellcasting
 + Level 0.5 Conjurations
 + Level 0.5 Hexes
 + Level 0.5 Summonings
 + Level 0.5 Necromancy
 + Level 0.5 Translocations
 + Level 0.5 Transmutations
 + Level 0.5 Fire Magic
 + Level 0.5 Ice Magic
 + Level 0.5 Air Magic
 + Level 0.5 Earth Magic
 + Level 0.5 Poison Magic
 + Level 2.6 Invocations
 + Level 8.5 Evocations


You had 3 spell levels left.
You didn't know any spells.
Your spell library was empty.

Dungeon Overview and Level Annotations

Branches:
Dungeon (2/15)

Altars:

Annotations:
D:2 Sigmund


Innate Abilities, Weirdness & Mutations

You have very sharp teeth.
Your uncanny sense of smell can sniff out nearby items.
Your experience applies equally to all skills.


Message History

As you read the scroll of identify, it crumbles to dust.
i - a potion of heal wounds You hit Sigmund.
Sigmund is heavily wounded.
Sigmund hits you with a +0 scythe.
* * * LOW HITPOINT WARNING * * *
You feel much better. Sigmund barely misses you.
You hit Sigmund.
Sigmund is severely wounded.
Sigmund gestures at you while chanting.
You are confused.
You're too confused to move!
Sigmund completely misses you.
Sigmund laughs darkly.
Sigmund hits you from afar with a +0 scythe.
You bump into the rock wall.
Sigmund screams, "Don't try to resist!"
Sigmund mumbles some strange words.
Sigmund flickers and vanishes!
Deactivating autopickup; reactivate with Ctrl-A.
You're too confused to move!
A magic dart appears from out of thin air!
The magic dart hits you!
You bump into the rock wall.
You feel less confused. Something hits you!
You feel better. Something hits you.
You closely miss something.
You hear some strange, mumbled words.
You are confused.
Something hits you.
You miss something.
You hear some strange, mumbled words.
Something tries to affect you, but you resist.
You miss something. Something hits you.
You barely miss something. Something hits you.
* * * LOW HITPOINT WARNING * * *
You feel less confused.
You miss something. Something hits you!
You die...

#.# #. ##.## #. #...##
#. .#.#.## #. ##.##.#
#.####### ...##.#
#.#.....#
......########.#.# #
.###.#.........{.# .#
#...)#.####.##..@###.#
###.#.####.##.......#
#........##[......#
###.#######.#...#.#
#.#######...### #
#...†......##
##########.# #.# #.#


There were no monsters in sight!

Vanquished Creatures
  An adder (D:2)
  5 ball pythons
  2 endoplasms (D:1)
  2 goblins (D:1)
  A hobgoblin (D:1)
  3 jackals (D:2)
  A kobold (D:2)
  2 bats (D:1)
  A frilled lizard (D:1)
  6 rats
24 creatures vanquished.

Notes
Turn   | Place    | Note
-------+----------+-------------------------------------------
     0 | D:1      | teh the Gnoll Wanderer began the quest for the Orb.
     0 | D:1      | teh set off with the following items: a +2 quarterstaff, a
                  | +0 short sword, a piece from Xom's chessboard (15/15), a
                  | potion of curing, a +0 leather armour.
     0 | D:1      | Reached XP level 1. HP: 17/17 MP: 2/2
     4 | D:1      | You fall into a shaft and drop 1 floor!
   134 | D:1      | Reached XP level 2. HP: 21/23 MP: 3/3
   614 | D:2      | Reached XP level 3. HP: 28/28 MP: 4/4
   715 | D:2      | Noticed Sigmund
   743 | D:2      | Mangled by Sigmund

Illustrated notes

Levels and vault maps discovered:
D:1:      lightli_arrival_farm, layout_rooms
D:2:      layout_loops_ring, uniq_sigmund

Action                     || total
---------------------------++-------
  Melee: Quarterstaff      ||    60
         Bite              ||     4
    Use: Scroll            ||     2
         Potion            ||     2
 Armour: Leather armour    ||    13
  Dodge: Dodged            ||    36

Table legend: (Time is in decaauts)
 A = Elapsed time spent in this place.
 B = Non-inter-level travel time spent in this place.
 C = Inter-level travel time spent in this place.
 D = Time resting spent in this place.
 E = Time spent auto-exploring this place.
 F = Levels seen in this place.
 G = Mean time per level.
                   A        B        C        D        E       F      G
               +--------+--------+--------+--------+--------+-----+--------+
         Total |    764 |    748 |     16 |      0 |    581 |   2 |  382.0 |
       Dungeon |    764 |    748 |     16 |      0 |    581 |   2 |  382.0 |
               +--------+--------+--------+--------+--------+-----+--------+

Top non-repeatable levels by time:
     D:1: 549 daAuts
     D:2: 215 daAuts
